 Dungeon Crawl Stone Soup version 0.27-a0-1502-g47ed6a6988 (webtiles) character file.

Game seed: 16684999236691157576

28882 night the Martial Artist (level 13, 0/118 HPs)
             Began as a Gnoll Transmuter on July 7, 2021.
             Was a High Priest of Fedhas.
             Slain by a killer bee (6 damage)
             ... on level 4 of the Lair of Beasts on July 8, 2021.
             The game lasted 00:51:16 (23214 turns).

night the Martial Artist (Gnoll Transmuter)        Turns: 23214, Time: 00:51:17

Health: 0/118      AC: 10    Str: 11    XL:     13   Next: 41%
Magic:  0/26       EV: 13    Int: 16    God:    Fedhas [*****.]
Gold:   1666       SH:  8    Dex: 13    Spells: 13/31 levels left

rFire    x x .     SeeInvis .     - Unarmed
rCold    + + +     Faith    .   (shield currently unavailable)
rNeg     . . .     Spirit   +   (armour currently unavailable)
rPois    +         Reflect  .   (helmet currently unavailable)
rElec    .         Harm     .   (cloak currently unavailable)
rCorr    +         Rampage  .   (gloves currently unavailable)
Will     .....                  (boots currently unavailable)
Stlth    ++++......             Y - brooch of Shielding {Spirit SH+8}
HPRegen  0.29/turn              m - ring of resist corrosion
MPRegen  0.20/turn              t - ring of ice

@: lethally poisoned (0 -> -9), ice-form
A: freezing attack, amphibious, boosted hp, large, (fangs 1), strong nose,
distributed training, (hooves 1), (sturdy frame 1)
a: End Transformation, Renounce Religion, Wall of Briars, Grow Ballistomycete,
Overgrow, Grow Oklob


You were on level 4 of the Lair of Beasts.
You worshipped Fedhas.
Fedhas was extremely pleased with you.
You were a creature of crystalline ice.
You visited 3 branches of the dungeon, and saw 15 of its levels.
You also visited: Gauntlet.

You collected 1666 gold pieces.

Inventory:

Hand Weapons
 a - a +4 vorpal broad axe
 g - a +1 whip of draining
 F - a +4 morningstar
Missiles
 b - 330 stones
 c - 124 sling bullets
 j - 16 javelins
 k - 18 boomerangs
 q - 2 throwing nets
 A - 13 poisoned darts (quivered)
 C - 4 curare-tipped darts
Armour
 e - a +0 robe (melded)
 z - a +0 buckler (melded)
 M - a scarf of shadows (melded)
 P - the +2 pair of gloves of Distant Shores (melded) {Will++ rCorr}
   (You found it in a Gauntlet)

   rCorr:     It protects you from acid and corrosion.
   Will:      It greatly increases your willpower.
 S - the +2 pair of gloves "Hunieceo" {Rampage rPois rC- Will-}
   (You found it on level 4 of the Lair of Beasts)

   rC:        It makes you vulnerable to cold.
   rPois:     It protects you from poison.
   Rampage:   It bestows one free step when moving towards enemies.
   Will:      It decreases your willpower.
 T - a +2 pair of gloves of stealth
Jewellery
 l - a ring of positive energy
 m - a ring of resist corrosion (left front paw)
 o - a ring of protection from cold
 t - a ring of ice (right front paw)
 K - a ring of protection from cold
 L - a ring of positive energy
 N - a ring of willpower
 Y - the brooch of Shielding (around neck) {Spirit SH+8}
   (You found it on level 3 of the Lair of Beasts)

   [amulet of guardian spirit]

   It causes incoming damage to be divided between your reserves of health and
   magic.
   SH:        It affects your SH (+8).
Wands
 x - a wand of iceblast (6)
 y - a wand of acid (13)
 G - a wand of polymorph (13)
 J - a wand of mindburst (11)
 Q - a wand of flame (8)
 R - a wand of paralysis (7)
Scrolls
 d - 7 scrolls of identify
 f - 3 scrolls of vulnerability
 r - 6 scrolls of teleportation
 v - 4 scrolls of magic mapping
 E - a scroll of brand weapon
 H - 2 scrolls of amnesia
 O - 5 scrolls of fear
 V - a scroll of blinking
 Z - 2 scrolls of enchant weapon
Potions
 h - 2 potions of might
 i - 3 potions of curing
 n - 4 potions of cancellation
 p - 3 potions of attraction
 s - 3 potions of haste
 u - 3 potions of lignification
 w - 5 potions of flight
 B - a potion of ambrosia
 D - a potion of berserk rage
 X - a potion of resistance
Miscellaneous
 I - a phial of floods
 U - a box of beasts
 W - a lightning rod (4/4)


   Skills:
 + Level 8.7 Fighting
 + Level 8.2 Short Blades
 + Level 8.2 Long Blades
 + Level 8.2 Axes
 + Level 8.2 Maces & Flails
 + Level 8.2 Polearms
 + Level 8.2 Staves
 + Level 8.2 Slings
 + Level 8.2 Bows
 + Level 8.2 Crossbows
 + Level 8.2 Throwing
 + Level 8.2 Armour
 + Level 9.5 Dodging
 + Level 8.2 Stealth
 + Level 8.2 Shields
 + Level 10.5 Unarmed Combat
 + Level 9.7 Spellcasting
 + Level 6.9 Conjurations
 + Level 6.9 Hexes
 + Level 6.9 Summonings
 + Level 6.9 Necromancy
 + Level 6.9 Translocations
 + Level 7.9 Transmutations
 + Level 6.9 Fire Magic
 + Level 6.9 Ice Magic
 + Level 6.9 Air Magic
 + Level 6.9 Earth Magic
 + Level 6.9 Poison Magic
 + Level 9.0 Invocations
 + Level 8.2 Evocations


You had 13 spell levels left.
You knew the following spells:

 Your Spells              Type           Power      Damage    Failure   Level
a - Manifold Assault      Tloc           29%        N/A       16%         5
b - Ice Form              Ice/Tmut       47%        N/A       4%          4
c - Cause Fear            Hex            14%        N/A       5%          4
d - Borgnjor's Vile Clut  Necr/Erth      14%        N/A       16%         5

Your spell library contained the following spells:

 Spells                   Type           Power      Damage    Failure   Level
 Beastly Appendage        Tmut           66%        N/A       1%          1
 Corona                   Hex            32%        N/A       1%          1
 Magic Dart               Conj           100%       1d8       1%          1
 Sandblast                Erth           58%        2d13      1%          1
 Shock                    Conj/Air       100%       1d9       1%          1
 Blink                    Tloc           N/A        N/A       1%          2
 Call Imp                 Summ           29%        N/A       1%          2
 Ensorcelled Hibernation  Hex/Ice        88%        N/A       1%          2
 Passwall                 Tmut/Erth      25%        N/A       1%          2
 Poisonous Vapours        Pois/Air       58%        N/A       1%          2
 Slow                     Hex            29%        N/A       1%          2
 Static Discharge         Conj/Air       29%        N/A       1%          2
 Wereblood                Tmut           33%        N/A       1%          2
 Call Canine Familiar     Summ           29%        N/A       1%          3
 Confusing Touch          Hex            29%        N/A       1%          3
 Conjure Flame            Conj/Fire      29%        6-21      1%          3
 Inner Flame              Hex/Fire       29%        N/A       1%          3
 Lesser Beckoning         Tloc           14%        N/A       1%          3
 Mephitic Cloud           Conj/Pois/Air  29%        N/A       1%          3
 Ozocubu's Armour         Ice            44%        N/A       1%          3
 Portal Projectile        Hex/Tloc       58%        N/A       1%          3
 Spider Form              Tmut/Pois      15%        N/A       1%          3
 Swiftness                Air            29%        N/A       1%          3
 Tukima's Dance           Hex            29%        N/A       1%          3
 Animate Dead             Necr           14%        N/A       5%          4
 Dispel Undead            Necr           29%        3d13      5%          4
 Leda's Liquefaction      Hex/Erth       14%        N/A       5%          4
 Sticky Flame             Conj/Fire      29%        2d5       5%          4
 Summon Lightning Spire   Summ/Air       29%        N/A       5%          4
 Alistair's Intoxication  Tmut/Pois      20%        N/A       12%         5
 Yara's Violent Unravell  Hex/Tmut       15%        3d8       12%         5
 Freezing Cloud           Conj/Ice/Air   22%        6-21      16%         5
 Lee's Rapid Deconstruct  Erth           14%        3d10*     16%         5
 Lightning Bolt           Conj/Air       14%        1d28      16%         5
 Metabolic Englaciation   Hex/Ice        22%        N/A       16%         5
 Silence                  Hex/Air        14%        N/A       16%         5
 Eringya's Noxious Bog    Tmut/Pois      15%        N/A       56%         6
 Conjure Ball Lightning   Conj/Air       14%        3x3d6     63%         6
 Death Channel            Necr           14%        N/A       63%         6
 Simulacrum               Ice/Necr       22%        N/A       63%         6
 Discord                  Hex            14%        N/A       100%        8
 Maxwell's Capacitive Co  Air            14%        ∞         100%        8
 Fire Storm               Conj/Fire      14%        8d4       100%        9


Dungeon Overview and Level Annotations

Branches:
Dungeon (10/15)            Temple (1/1) D:4            Lair (4/6) D:8
 Shoals (0/4) Lair:3        Snake (0/4) Lair:3      Gauntlet (visited)
    Orc: D:9-12

Altars:
Ashenzari
Cheibriados
Dithmenos
Elyvilon
Fedhas
Gozag
Hepliaklqana
Kikubaaqudgha
Makhleb
Nemelex Xobeh
Okawaru
Qazlal
Ru
Sif Muna
Trog
Uskayaw
Vehumet
Wu Jian
Xom
Yredelemnul
Zin
The Shining One


Innate Abilities, Weirdness & Mutations

You are a creature of crystalline ice.
You have a powerful freezing melee attack.
You are amphibious.
Your maximum health is increased.
Your armour is entirely melded.
You are incapable of wielding weapons or throwing items.
((You have very sharp teeth.))
Your uncanny sense of smell can sniff out nearby items.
Your experience applies equally to all skills.
((You have large cloven feet.))
((Your movements are slightly less encumbered by armour. (ER -2)))


Message History

The bolt of acid hits the killer bee!
The killer bee is splashed with acid.
The acid corrodes the killer bee!
The killer bee is almost dead.
The bolt of acid misses the killer bee.
The bolt of acid misses the meliai.
The bolt of acid hits the killer bee!!
The killer bee is splashed with acid!
The acid corrodes the killer bee!
You kill the killer bee!
Fedhas appreciates your contribution to the ecosystem.
The bolt of acid misses the killer bee.
The killer bee buzzes angrily.
You feel sick.
You hear an angry buzzing noise. x3
The killer bee barely misses you.
The meliai mumbles some strange prayers to its god against you.
Something smites you!
* * * LOW HITPOINT WARNING * * *
The killer bee completely misses you. You block the killer bee's attack.
The killer bee closely misses you.
The meliai calls down the wrath of its god upon you.
Something smites you!
* * * LOW HITPOINT WARNING * * *
The killer bee stings you but does no damage.
A killer bee comes into view.
The killer bee closely misses you.
You feel better. The killer bee stings you.
* * * LOW HITPOINT WARNING * * *
You are lethally poisoned!
The killer bee poisons you! You block the killer bee's attack. x2
The killer bee stings you but does no damage.
You block the killer bee's attack.
The killer bee stings you but does no damage.
You feel better. The killer bee closely misses you.
The meliai calls upon its god to heal the killer bee.
The killer bee is healed somewhat.
The killer bee stings you.
* * * LOW HITPOINT WARNING * * *
You are lethally poisoned!
The killer bee poisons you! You block the killer bee's attack.
The killer bee closely misses you. x2; The killer bee stings you.
You die...
Fedhas appreciates your contribution to the ecosystem.

##P≈♣####
#......##....≈≈≈≈≈
####
#.....#.#....≈≈≈≈≈
##......##...≈≈≈≈≈≈
#............≈≈≈≈≈≈
##.....[#....≈≈≈≈≈≈
#......## ≈..>
#......## ...
##......#. ..
##yYy...... #
#.#y#....#. #
###y###### #yy#
#)y#∆ ∆∆ ##..) ∆∆
#.#.yy∆∆ P.#yy†.!
#.# ####


You could see a meliai and 6 killer bees.

Vanquished Creatures
  A minotaur (Gauntlet)
  An entropy weaver (Gauntlet)
  A fire dragon (D:8)
  A boulder beetle (Lair:2)
  5 hydras
  2 two-headed ogres
  4 black mambas
  A centaur zombie (D:10)
  A torpor snail (Lair:1)
  A kobold demonologist (D:6)
  2 rime drakes
  6 cane toads
  5 komodo dragons
  2 meliai (Lair:4)
  10 blink frogs
  A polar bear (Lair:3)
  A snapping turtle (Lair:3)
  A wraith (D:8)
  A shadow (D:10)
  2 wyverns
  32 yaks
  A redback (Gauntlet)
  Grum (D:8)
  2 basilisks
  A steam dragon (D:9)
  3 nagas (Lair:3)
  A swamp worm (Lair:3)
  An acid dragon (D:9)
  9 water moccasins
  4 orc warriors
  A hornet zombie (D:5)
  A sky beast (D:5)
  An ice beast (D:8)
  2 ogres
  5 necrophages
  5 wolves
  2 black bears
  2 centaurs
  A kobold brigand (D:9)
  13 bullfrogs
  3 scorpions
  9 killer bees (Lair:4)
  15 wights
  2 howler monkeys
  5 electric eels
  A bullfrog zombie (D:5)
  A jelly (D:5)
  2 hounds
  7 orc priests
  A bullfrog skeleton (D:4)
  A centaur skeleton (D:7)
  2 gnoll shamans
  An iguana (D:7)
  6 orc wizards
  3 hell rats (Lair:1)
  A hound skeleton (D:5)
  3 mummies (D:10)
  A howler monkey zombie (D:9)
  8 gnolls
  3 adders
  7 river rats (Lair:1)
  5 shadow imps
  A white imp (D:7)
  An ufetubus (D:5)
  2 adder skeletons
  2 dart slugs
  A worm (D:3)
  45 orcs
  6 ball pythons
  5 endoplasms
  2 giant cockroaches (D:2)
  4 goblins
  8 hobgoblins
  6 jackals (D:2)
  10 kobolds
  2 quokkas
  6 bats
  2 frilled lizards
  5 rats
332 creatures vanquished.

Vanquished Creatures (collateral kills)
  3 yaks (Lair:1)
3 creatures vanquished.

Vanquished Creatures (others)
  16 bushes (Lair:2)
  17 fungi
  108 plants
  18 withered plants (Gauntlet)
159 creatures vanquished.

Grand Total: 494 creatures vanquished

Notes
Turn   | Place    | Note
-------+----------+-------------------------------------------
     0 | D:1      | night the Gnoll Transmuter began the quest for the Orb.
     0 | D:1      | Reached XP level 1. HP: 17/17 MP: 6/6
   636 | D:1      | Reached XP level 2. HP: 18/23 MP: 5/7
   706 | D:1      | Found a faded altar of an unknown god.
   815 | D:1      | Became a worshipper of Fedhas Madash
   815 | D:1      | Reached * piety under Fedhas
  1393 | D:2      | Reached skill level 5 in Spellcasting
  1393 | D:2      | Reached XP level 3. HP: 6/28 MP: 7/9
  1394 | D:2      | HP: 4/28 [poisoned by an adder]
  1938 | D:2      | Reached skill level 1 in Invocations
  2315 | D:2      | Identified a scroll of acquirement
  2315 | D:2      | Acquired 604 gold pieces
  2327 | D:2      | Reached ** piety under Fedhas
  2330 | D:2      | Reached skill level 1 in Short Blades
  2330 | D:2      | Reached skill level 1 in Long Blades
  2330 | D:2      | Reached skill level 1 in Axes
  2330 | D:2      | Reached skill level 1 in Maces & Flails
  2330 | D:2      | Reached skill level 1 in Polearms
  2330 | D:2      | Reached skill level 1 in Staves
  2330 | D:2      | Reached skill level 1 in Slings
  2330 | D:2      | Reached skill level 1 in Bows
  2330 | D:2      | Reached skill level 1 in Crossbows
  2330 | D:2      | Reached skill level 1 in Throwing
  2330 | D:2      | Reached skill level 1 in Armour
  2330 | D:2      | Reached skill level 1 in Stealth
  2330 | D:2      | Reached skill level 1 in Shields
  2330 | D:2      | Reached skill level 1 in Evocations
  2475 | D:2      | Reached XP level 4. HP: 25/34 MP: 9/11
  2723 | D:2      | Found a hide-covered altar of Uskayaw.
  2804 | D:3      | Found a transporter.
  2823 | D:3      | Reached skill level 1 in Conjurations
  2823 | D:3      | Reached skill level 1 in Hexes
  2823 | D:3      | Reached skill level 1 in Summonings
  2823 | D:3      | Reached skill level 1 in Necromancy
  2823 | D:3      | Reached skill level 1 in Translocations
  2823 | D:3      | Reached skill level 1 in Fire Magic
  2823 | D:3      | Reached skill level 1 in Ice Magic
  2823 | D:3      | Reached skill level 1 in Air Magic
  2823 | D:3      | Reached skill level 1 in Earth Magic
  2823 | D:3      | Reached skill level 1 in Poison Magic
  2823 | D:3      | Reached XP level 5. HP: 12/40 MP: 12/12
  3213 | D:3      | Reached skill level 2 in Invocations
  3213 | D:3      | Reached XP level 6. HP: 47/47 MP: 13/13
  3222 | D:3      | Found a transporter.
  3236 | D:3      | Noticed a necrophage
  3249 | D:3      | Killed a necrophage
  3250 | D:3      | Reached skill level 2 in Short Blades
  3250 | D:3      | Reached skill level 2 in Long Blades
  3250 | D:3      | Reached skill level 2 in Axes
  3250 | D:3      | Reached skill level 2 in Maces & Flails
  3250 | D:3      | Reached skill level 2 in Polearms
  3250 | D:3      | Reached skill level 2 in Staves
  3250 | D:3      | Reached skill level 2 in Slings
  3250 | D:3      | Reached skill level 2 in Bows
  3250 | D:3      | Reached skill level 2 in Crossbows
  3250 | D:3      | Reached skill level 2 in Throwing
  3250 | D:3      | Reached skill level 2 in Armour
  3250 | D:3      | Reached skill level 5 in Dodging
  3250 | D:3      | Reached skill level 2 in Stealth
  3250 | D:3      | Reached skill level 2 in Shields
  3250 | D:3      | Reached skill level 2 in Evocations
  3671 | D:3      | Learned a level 4 spell: Ice Form
  3964 | D:3      | Found a white marble altar of Elyvilon.
  3995 | D:3      | Reached XP level 7. HP: 30/52 MP: 15/15
  4795 | D:4      | Found a staircase to the Ecumenical Temple.
  4821 | D:4      | Reached skill level 7 in Unarmed Combat
  4821 | D:4      | Reached skill level 2 in Conjurations
  4821 | D:4      | Reached skill level 2 in Hexes
  4821 | D:4      | Reached skill level 2 in Summonings
  4821 | D:4      | Reached skill level 2 in Necromancy
  4821 | D:4      | Reached skill level 2 in Translocations
  4821 | D:4      | Reached skill level 2 in Fire Magic
  4821 | D:4      | Reached skill level 2 in Ice Magic
  4821 | D:4      | Reached skill level 2 in Air Magic
  4821 | D:4      | Reached skill level 2 in Earth Magic
  4821 | D:4      | Reached skill level 2 in Poison Magic
  4967 | Temple   | Entered the Ecumenical Temple
  5366 | D:4      | Found a glowing silver altar of Zin.
  5596 | D:4      | Reached *** piety under Fedhas
  6125 | D:5      | Entered Level 5 of the Dungeon
  6445 | D:5      | Reached XP level 8. HP: 44/60 MP: 16/16
  7414 | D:6      | Found a transporter.
  7419 | D:6      | Noticed a kobold demonologist
  7436 | D:6      | Found a transporter.
  7460 | D:6      | Killed a kobold demonologist
  7674 | D:6      | Reached skill level 5 in Transmutations
  7674 | D:6      | Reached XP level 9. HP: 66/66 MP: 14/18
  8305 | D:6      | Reached **** piety under Fedhas
  8306 | D:6      | Reached skill level 5 in Fighting
  8783 | D:7      | Reached skill level 8 in Unarmed Combat
  9023 | D:7      | Reached skill level 5 in Invocations
  9148 | D:7      | Learned a level 4 spell: Cause Fear
  9319 | D:8      | Noticed a fire dragon
  9319 | D:8      | Noticed Grum
  9327 | D:8      | Found a staircase to the Lair.
  9329 | D:8      | HP: 7/81 [Grum (7)]
  9330 | D:8      | Killed a fire dragon
  9331 | D:8      | Reached skill level 5 in Short Blades
  9331 | D:8      | Reached skill level 5 in Long Blades
  9331 | D:8      | Reached skill level 5 in Axes
  9331 | D:8      | Reached skill level 5 in Maces & Flails
  9331 | D:8      | Reached skill level 5 in Polearms
  9331 | D:8      | Reached skill level 5 in Staves
  9331 | D:8      | Reached skill level 5 in Slings
  9331 | D:8      | Reached skill level 5 in Bows
  9331 | D:8      | Reached skill level 5 in Crossbows
  9331 | D:8      | Reached skill level 5 in Throwing
  9331 | D:8      | Reached skill level 5 in Armour
  9331 | D:8      | Reached skill level 5 in Stealth
  9331 | D:8      | Reached skill level 5 in Shields
  9331 | D:8      | Reached skill level 5 in Evocations
  9331 | D:8      | Reached XP level 10. HP: 9/76 MP: 12/20
  9331 | D:8      | HP: 1/91 [Grum (8)]
  9333 | D:8      | Killed Grum
 10235 | D:8      | Noticed a two-headed ogre
 10245 | D:8      | Killed a two-headed ogre
 11355 | D:9      | Reached ***** piety under Fedhas
 12658 | D:9      | Found a sacrificial altar of Ru.
 12667 | D:9      | Found a shimmering blue altar of Sif Muna.
 12830 | D:10     | Entered Level 10 of the Dungeon
 12830 | D:10     | Noticed a two-headed ogre
 12843 | D:10     | Killed a two-headed ogre
 12844 | D:10     | Reached XP level 11. HP: 55/83 MP: 18/22
 13065 | D:10     | Reached skill level 9 in Unarmed Combat
 13370 | D:10     | Got the Grimoire of Ignition
 13732 | D:10     | Reached skill level 5 in Conjurations
 13732 | D:10     | Reached skill level 5 in Hexes
 13732 | D:10     | Reached skill level 5 in Summonings
 13732 | D:10     | Reached skill level 5 in Necromancy
 13732 | D:10     | Reached skill level 5 in Translocations
 13732 | D:10     | Reached skill level 5 in Fire Magic
 13732 | D:10     | Reached skill level 5 in Ice Magic
 13732 | D:10     | Reached skill level 5 in Air Magic
 13732 | D:10     | Reached skill level 5 in Earth Magic
 13732 | D:10     | Reached skill level 5 in Poison Magic
 13737 | D:10     | HP: 4/97 [orc priest/divine providence (12)]
 14571 | Lair:1   | Entered Level 1 of the Lair of Beasts
 14654 | Lair:1   | Noticed a five-headed hydra
 14668 | Lair:1   | Killed a five-headed hydra
 14681 | Lair:1   | Noticed a four-headed hydra
 14913 | Lair:1   | Killed a four-headed hydra
 15859 | Lair:1   | Acquired a scarf of shadows
 16395 | Lair:1   | HP: 14/100 [blink frog (12)]
 16715 | Lair:1   | Reached XP level 12. HP: 91/91 MP: 20/24
 17176 | Lair:2   | Found a gate leading to a gauntlet.
 17181 | Gauntlet | Entered a Gauntlet
 17182 | Gauntlet | Noticed an entropy weaver
 17189 | Gauntlet | Found a transporter.
 17198 | Gauntlet | Found a transporter.
 17203 | Gauntlet | Found a transporter.
 17207 | Gauntlet | Found a transporter.
 17220 | Gauntlet | Found a transporter.
 17221 | Gauntlet | Noticed a thrashing horror
 17242 | Gauntlet | Found a transporter.
 17269 | Gauntlet | Found a transporter.
 17295 | Gauntlet | Found a transporter.
 17309 | Gauntlet | Found a transporter.
 17326 | Gauntlet | Found a transporter.
 17329 | Gauntlet | Found a transporter.
 17343 | Gauntlet | Found a transporter.
 17416 | Gauntlet | HP: 10/109 [entropy weaver (13)]
 17419 | Gauntlet | Killed an entropy weaver
 17425 | Gauntlet | Identified the +2 hat of Space {rF- Str+8}
 17730 | Gauntlet | Gained mutation: You have large cloven feet. [potion of
                  | mutation]
 17730 | Gauntlet | Gained mutation: You are agile. (Dex +2) [potion of
                  | mutation]
 17730 | Gauntlet | Gained mutation: You are dopey. (Int -2) [potion of
                  | mutation]
 17730 | Gauntlet | Gained mutation: Your movements are slightly less
                  | encumbered by armour. (ER -2) [potion of mutation]
 17744 | Gauntlet | Identified the +2 pair of gloves of Distant Shores {Will++
                  | rCorr}
 17767 | Gauntlet | Noticed a minotaur
 17786 | Gauntlet | Killed a minotaur
 17795 | Gauntlet | Got Muxzacug's Guide on Weightlessness
 18119 | Lair:2   | Acquired the +6 lajatang of Reczablu {flame, +Blink rC-
                  | Int+7}
 18268 | Lair:1   | HP: 13/110 [blink frog (9)]
 18290 | Lair:1   | Upgraded the game from 0.27-a0-1456-gf5a116941d to
                  | 0.27-a0-1502-g47ed6a6988
 18601 | Lair:1   | Learned a level 5 spell: Manifold Assault
 19599 | Lair:2   | Reached skill level 10 in Unarmed Combat
 19687 | Lair:2   | Noticed a boulder beetle
 19711 | Lair:2   | Killed a boulder beetle
 20741 | Lair:3   | Found a staircase to the Snake Pit.
 20750 | Lair:3   | Learned a level 5 spell: Borgnjor's Vile Clutch
 20792 | Lair:3   | Reached XP level 13. HP: 85/97 MP: 12/26
 21221 | Lair:3   | Found the brooch of Shielding {Spirit SH+8}
 22132 | Lair:3   | Found a staircase to the Shoals.
 22440 | Lair:3   | Lost mutation: You are agile. (Dex +2) [potion of mutation]
 22440 | Lair:3   | Gained mutation: Your natural rate of healing is unusually
                  | fast. [potion of mutation]
 22440 | Lair:3   | Gained mutation: You expend magic power (3 MP) to
                  | strengthen your wands. [potion of mutation]
 23008 | Lair:4   | Identified the +2 pair of gloves "Hunieceo" {Rampage rPois
                  | rC- Will-}
 23111 | Lair:4   | Lost mutation: You expend magic power (3 MP) to strengthen
                  | your wands. [potion of mutation]
 23111 | Lair:4   | Lost mutation: You are dopey. (Int -2) [potion of mutation]
 23111 | Lair:4   | Lost mutation: Your natural rate of healing is unusually
                  | fast. [potion of mutation]
 23212 | Lair:4   | HP: 12/118 [meliai/divine providence (10)]
 23212 | Lair:4   | HP: 1/118 [meliai/divine providence (11)]
 23214 | Lair:4   | Slain by a killer bee

Illustrated notes

Levels and vault maps discovered:
D:1:      minmay_arrival_pointy, layout_loops_corners,
          hellmonk_ecumenical_altar_leap_of_faith
D:2:      layout_loops_cross, basic_altar
D:3:      gammafunk_steamed_eel, layout_loops_ring,
          nicolae_elyvilon_temple_path, serial_glass, glass_columns_b,
          glass_columns_a
D:4:      layout_loops_ring, zin_statuary, minmay_temple_entry_large_hall,
          grunt_ministairs_7, minmay_misc_feat_alley, kennysheep_generic_room_11
D:5:      layout_rooms
D:6:      gammafunk_wand_slinger, layout_basic
D:7:      layout_basic
D:8:      layout_basic, minmay_lair_entry_lava, moated_statue,
          dk_noncrumbling_2, uniq_grum
D:9:      layout_irregular_city, minitemple
D:10:     layout_small_grid, serial_undead, serial_undead_d, serial_undead_e,
          serial_undead_a, serial_undead_a
Temple:   dpeg_five_rooms_temple
Lair:1:   layout_loops_ring, grunt_forest_stairs_basic,
          minmay_stone_trees_small, kennysheep_abandoned_house
Lair:2:   layout_concentric_octagons, serial_forest,
          infiniplex_forest_straight_5, infiniplex_forest_lined_room_2,
          infiniplex_forest_split, infiniplex_forest_clump_long,
          infiniplex_forest_fountain, infiniplex_forest_end_2,
          infiniplex_forest_lined_3, gauntlet_entry_generic, lemuel_fruit_tree
Lair:3:   layout_cave_shapes, minmay_shoals_entry_hut,
          guppyfry_snake_entry_island, eino_small_chamber_without_monster,
          minmay_holes, worms_lemuel, serial_bayou_shore_b, grunt_megastairs_5
Lair:4:   layout_long_grid, special_room [special_room_bee],
          serial_bayou_shore_b, infiniplex_staircase_pool

Skill      XL: |  1  2  3  4  5  6  7  8  9 10 11 12 13 |
---------------+----------------------------------------+-----
Spellcasting   | 5 6 7 8 9 |  9.7
Invocations    | 1 2 3 4 5 6 7 8 9 |  9.0
Short Blades   | 1 2 3 5 6 7 8 |  8.2
Long Blades    | 1 2 3 5 6 7 8 |  8.2
Axes           | 1 2 3 5 6 7 8 |  8.2
Maces & Flails | 1 2 3 5 6 7 8 |  8.2
Polearms       | 1 2 3 5 6 7 8 |  8.2
Staves         | 1 2 3 5 6 7 8 |  8.2
Slings         | 1 2 3 5 6 7 8 |  8.2
Bows           | 1 2 3 5 6 7 8 |  8.2
Crossbows      | 1 2 3 5 6 7 8 |  8.2
Throwing       | 1 2 3 5 6 7 8 |  8.2
Armour         | 1 2 3 5 6 7 8 |  8.2
Stealth        | 1 2 3 5 6 7 8 |  8.2
Shields        | 1 2 3 5 6 7 8 |  8.2
Evocations     | 1 2 3 5 6 7 8 |  8.2
Conjurations   | 1 2 3 4 5 6 |  6.9
Hexes          | 1 2 3 4 5 6 |  6.9
Summonings     | 1 2 3 4 5 6 |  6.9
Necromancy     | 1 2 3 4 5 6 |  6.9
Translocations | 1 2 3 4 5 6 |  6.9
Fire Magic     | 1 2 3 4 5 6 |  6.9
Ice Magic      | 1 2 3 4 5 6 |  6.9
Air Magic      | 1 2 3 4 5 6 |  6.9
Earth Magic    | 1 2 3 4 5 6 |  6.9
Poison Magic   | 1 2 3 4 5 6 |  6.9
Fighting       | 3 4 5 6 7 8 |  8.7
Transmutations | 4 5 6 7 |  7.9
Dodging        | 5 6 7 8 9 |  9.5
Unarmed Combat | 7 8 9 10 | 10.5

Action                   |  1- 3 |  4- 6 |  7- 9 | 10-12 | 13-15 || total
-------------------------+-------+-------+-------+-------+-------++-------
Melee: Unarmed           |   106 |    47 |   267 |   360 |    90 ||   870
       Kick              |    10 |     2 |     3 |     3 |     2 ||    20
       Headbutt          |     7 |     1 |     4 |       |       ||    12
       Bite              |     3 |     3 |     8 |    13 |       ||    27
       Punch             |       |       |     1 |     6 |       ||     7
       Broad axe         |       |       |       |   131 |       ||   131
       Lajatang          |       |       |       |    28 |     9 ||    37
 Cast: Beastly Appendage |    23 |     6 |     7 |       |       ||    36
       Ice Form          |       |     1 |    25 |    44 |    18 ||    88
       Cause Fear        |       |       |       |     2 |     1 ||     3
       Borgnjor's Vile C |       |       |       |     2 |     2 ||     4
       Manifold Assault  |       |       |       |     2 |     1 ||     3
Invok: Overgrow          |       |       |       |     1 |       ||     1
       Grow Oklob        |       |       |       |     1 |       ||     1
 Abil: End Transformatio |       |       |     1 |       |     1 ||     2
Evoke: Wand              |       |     5 |    14 |    14 |     3 ||    36
  Use: Scroll            |     5 |       |     7 |    19 |       ||    31
       Potion            |       |       |     2 |     4 |     4 ||    10
 Stab: Sleeping          |     1 |     2 |     8 |     6 |     4 ||    21
       Distracted        |       |       |       |     2 |       ||     2
Armor: Robe              |    17 |     4 |    14 |    45 |       ||    80
       Skin              |       |       |    38 |   100 |    28 ||   166
Dodge: Dodged            |    80 |    16 |   118 |   347 |    61 ||   622
Block: Other             |       |       |       |       |    42 ||    42

Table legend: (Time is in decaauts)
 A = Elapsed time spent in this place.
 B = Non-inter-level travel time spent in this place.
 C = Inter-level travel time spent in this place.
 D = Time resting spent in this place.
 E = Time spent auto-exploring this place.
 F = Levels seen in this place.
 G = Mean time per level.
                   A        B        C        D        E       F      G
               +--------+--------+--------+--------+--------+-----+--------+
         Total |  23191 |  22405 |    786 |   4007 |  15397 |  16 | 1449.4 |
       Dungeon |  14313 |  13871 |    442 |   1179 |  11006 |  10 | 1431.3 |
        Temple |    334 |    303 |     31 |      0 |    303 |   1 |  334.0 |
          Lair |   7929 |   7616 |    313 |   2536 |   3929 |   4 | 1982.2 |
      Gauntlet |    614 |    614 |      0 |    292 |    159 |   1 |  614.0 |
               +--------+--------+--------+--------+--------+-----+--------+

Top non-repeatable levels by time:
  Lair:1: 3429 daAuts
  Lair:2: 2078 daAuts
  Lair:3: 1989 daAuts
     D:3: 1834 daAuts
     D:9: 1751 daAuts
    D:10: 1678 daAuts
     D:8: 1579 daAuts
     D:2: 1481 daAuts
     D:1: 1250 daAuts
     D:7: 1234 daAuts
     D:4: 1200 daAuts
     D:5: 1157 daAuts
     D:6: 1146 daAuts
Gauntlet: 614 daAuts
  Lair:4: 431 daAuts
